 Dungeon Crawl Stone Soup version 0.26-a0-651-gb41185065b (webtiles) character file.

Game seed: 15102224441435585553

43971 smeego the Carver (level 14, -10/104 HPs)
             Began as an Octopode Fighter on Sept 29, 2020.
             Was the Champion of Dithmenos.
             Killed from afar by a lindwurm (44 damage)
             ... with a blast of flame
             ... on level 6 of the Lair of Beasts.
             The game lasted 00:27:48 (18672 turns).

smeego the Carver (Octopode Fighter)               Turns: 18672, Time: 00:27:49

Health: -10/104    AC:  3    Str: 27    XL:     14   Next: 26%
Magic:  26/26      EV: 18    Int: 10    God:    Dithmenos [******]
Gold:   1991       SH: 17    Dex: 17    Spells: 12/13 levels left

rFire    . . .     SeeInvis +   M - +4 scimitar (freeze)
rCold    + . .     Faith    .   b - +0 kite shield
rNeg     . . .     Spirit   .   W - +0 hat
rPois    +         Reflect  +   y - amulet of reflection
rElec    .         Harm     .   w - +6 ring of dexterity
rCorr    .         Rampage  .   m - ring of poison resistance
MR       +....                  D - ring of see invisible
Stlth    ++++++++++             P - +6 ring of strength
HPRegen  0.67/turn              S - ring of protection from cold
MPRegen  0.20/turn              (no ring)
                                Q - ring of magical power
                                (no ring)

@: slowed, wreathed by umbra, studying Ice Magic, very slow
A: almost no armour, stealthy swim, amphibious, 8 rings, constrict 8, molten
scales 1, camouflage 1, regeneration 1, robust 1, gelatinous body 1
a: Shadow Step, Shadow Form, Renounce Religion


You were on level 6 of the Lair of Beasts.
You worshipped Dithmenos.
Dithmenos was exalted by your worship.
You visited 3 branches of the dungeon, and saw 17 of its levels.
You also visited: Ice Cave.

You collected 1991 gold pieces.

Inventory:

Hand Weapons
 a - a +0 long sword
 n - a +0 hunting sling
 x - a +0 dagger
 M - a +4 scimitar of freezing (weapon)
 U - a +0 antimagic dagger
Missiles
 g - 74 sling bullets
 k - 66 poisoned darts (quivered)
 G - 18 atropa-tipped darts
 J - 4 throwing nets
 L - 4 boomerangs
Armour
 b - a +0 kite shield (worn)
 V - the +9 scales of the Dragon King {rPois rF+ rC+ MR+}
   (You found it on level 3 of the Lair of Beasts)

   It protects you from fire.
   It protects you from cold.
   It protects you from poison.
   It affects your resistance to hostile enchantments.
 W - a +0 hat (worn)
 Z - a +1 buckler of cold resistance
Jewellery
 m - a ring of poison resistance (right tentacle)
 w - a +6 ring of dexterity (left tentacle)
 y - an amulet of reflection (around mantle)
 D - a ring of see invisible (on tentacle)
 I - an uncursed ring of fire
 P - a +6 ring of strength (on tentacle)
 Q - a ring of magical power (on tentacle)
 S - a ring of protection from cold (on tentacle)
Wands
 e - a wand of acid (2)
 s - a wand of random effects (31)
 t - a wand of iceblast (37)
 K - a wand of digging (7)
Scrolls
 d - 10 scrolls of remove curse
 h - 6 scrolls of teleportation
 i - 3 scrolls of magic mapping
 j - 3 scrolls of fog
 v - 2 scrolls of identify
 z - a scroll of torment
 C - 2 scrolls of enchant armour
 E - 4 scrolls of blinking
 H - 4 scrolls of immolation
 N - a scroll of fear
 T - 2 scrolls of amnesia
Potions
 c - a potion of might
 f - 5 potions of heal wounds
 l - 2 potions of haste
 o - 8 potions of curing
 p - 4 potions of magic
 r - 4 potions of mutation
 u - a potion of lignification
 A - 3 potions of invisibility
 B - 5 potions of flight
 F - 2 potions of brilliance
 O - 3 potions of stabbing
Books
 X - a manual of Ice Magic
 Y - a manual of Ice Magic
Miscellaneous
 q - a tin of tremorstones (inert)
 R - a phantom mirror


   Skills:
 + Level 8.8 Fighting
 * Level 11.7 Long Blades
 + Level 8.1 Throwing
 + Level 8.9 Dodging
 + Level 11.3 Stealth
 + Level 8.9 Shields
 + Level 8.3 Unarmed Combat
 - Level 4.2 Invocations
 + Level 8.2 Evocations


You had 12 spell levels left.
You knew the following spells:

 Your Spells              Type           Power        Failure   Level
a - Apportation           Tloc           #.....       63%         1

Your spell library contained the following spells:

 Spells                   Type           Power        Failure   Level
 Animate Skeleton         Necr           #.....       63%         1
 Corona                   Hex            #......      63%         1
 Pain                     Necr           #...         63%         1
 Shock                    Conj/Air       #...         63%         1
 Slow                     Hex            #.......     77%         2
 Swiftness                Air            #.......     77%         2
 Inner Flame              Hex/Fire       #.......     94%         3
 Lesser Beckoning         Tloc           #.........   94%         3
 Portal Projectile        Hex/Tloc       #.....       94%         3
 Static Discharge         Conj/Air       #.......     94%         3
 Tukima's Dance           Hex            #.......     94%         3
 Vampiric Draining        Necr           #.........   94%         3
 Airstrike                Air            #.........   100%        4
 Animate Dead             Necr           #.........   100%        4
 Cause Fear               Hex            #.........   100%        4
 Leda's Liquefaction      Hex/Erth       #.........   100%        4
 Agony                    Necr           #.......     100%        5
 Alistair's Intoxication  Tmut/Pois      #........    100%        5
 Borgnjor's Vile Clutch   Necr/Erth      #.........   100%        5
 Lightning Bolt           Conj/Air       #.........   100%        5
 Death Channel            Necr           #.........   100%        6
 Invisibility             Hex            #.......     100%        6
 Simulacrum               Ice/Necr       #.........   100%        6


Dungeon Overview and Level Annotations

Branches:
Dungeon (10/15)            Temple (1/1) D:5            Lair (6/6) D:10
 Shoals (0/4) Lair:4       Spider (0/4) Lair:3        Slime (0/5) Lair:6
  IceCv (visited)
    Orc: D:9-12

Altars:
Ashenzari
Dithmenos
Elyvilon
Fedhas
Hepliaklqana
Makhleb
Nemelex Xobeh
Okawaru
Qazlal
Sif Muna
Wu Jian
Xom
The Shining One
Jiyva

Shops:
D:9 *

Annotations:
D:7 exclusion: oklob plant
Lair:1 1 runed translucent door, marklar909's ghost, journeyman TeAE
Lair:4 exclusion: oklob plant
Lair:6 4 runed translucent doors, Greyr's ghost, journeyman KoBr


Innate Abilities, Weirdness & Mutations

You cannot wear most types of armour.
You are very stealthy in the water. (Stealth+)
You are amphibious.
You can wear up to eight rings at the same time.
You can use your tentacles to constrict eight enemies at once.
Your skin changes colour to match your surroundings (Stealth+).
Your rubbery body absorbs attacks. (AC +1, EV +1)
You are partially covered in molten scales. (AC +2)
Your natural rate of healing is unusually fast.
You are robust. (+10% HP)


Message History

Dithmenos accepts your kill.
The burst of rock shards engulfs the lindwurm!
The burst of rock shards engulfs the tyrant leech.
The burst of rock shards engulfs you!
The burst of rock shards engulfs the torpor snail! x2
The tin is emptied!
You hear an angry buzzing noise. x3
You block the lindwurm's attack. The lindwurm claws you.
You block the lindwurm's attack. The tyrant leech barely misses you.
The lindwurm completely misses you. The lindwurm barely misses you.
You block the lindwurm's attack. The tyrant leech bites you!!
The tyrant leech draws strength from your injuries!
Unknown command.
Unknown command.
Unknown command.
You barely miss the tyrant leech. Your squeeze misses the tyrant leech.
The tyrant leech is almost dead.
The lindwurm breathes flames at you. The blast of flame hits you!!!
You die... #.P # ..PPP

##P.#..## #P.##
##.#..P# #..##.##
#...# #.#...#
#...### #...####w..#
##..## #..†.....##
##..## $
#†......####
#...###$
#.#......#.#
##...#+#
######..k.###
##..P## ##w@†..###
###.⌠.#
#..#.....#####...###
P....###....#.#....#
......##
##........### ..####
#.##.P.### #
########


You could see a tyrant leech, a torpor snail and a lindwurm (catching breath).

Vanquished Creatures
  Gastronok (Lair:3)
  Harold (D:9)
  4 hydras
  A centaur warrior (D:10)
  A two-headed ogre (D:10)
  3 death yaks (Lair:5)
  Sonja (Lair:2)
  A lindwurm (Lair:5)
  A necromancer (IceCv)
  A deep elf mage (D:10)
  A manticore (Lair:4)
  4 elephants (Lair:4)
  4 black mambas
  Psyche (D:9)
  An ice statue (IceCv)
  2 centaur skeletons
  7 cane toads
  4 torpor snails
  2 komodo dragons
  9 rime drakes
  10 freezing wraiths (IceCv)
  6 hornets
  A troll (D:10)
  12 blink frogs
  7 hippogriffs
  A wyvern (Lair:4)
  25 yaks
  3 basilisks
  9 steam dragons (Lair:2)
  An acid dragon (Lair:2)
  10 water moccasins
  7 porcupines
  16 ice beasts
  7 orc warriors
  A phantom (D:7)
  An alligator simulacrum (IceCv)
  2 sky beasts
  2 necrophages (D:8)
  2 ogres
  3 centaurs
  17 wolves
  13 crocodiles
  19 bullfrogs
  A wyvern skeleton (D:5)
  4 scorpions
  A swamp dragon simulacrum (IceCv)
  15 wights
  5 howler monkeys
  3 centaur zombies
  2 bullfrog zombies
  A quasit (D:9)
  3 jellies
  A draconian simulacrum (IceCv)
  4 orc priests
  4 hounds
  5 orc wizards
  2 bullfrog skeletons
  2 iguanas
  4 troll simulacra (IceCv)
  2 hell rats
  A spriggan simulacrum (IceCv)
  4 worker ants
  2 killer bee zombies (D:8)
  2 wolf simulacra (IceCv)
  4 centaur simulacra (IceCv)
  A hound skeleton (D:10)
  A worker ant zombie (D:10)
  16 adders
  4 gnolls
  9 naga simulacra (IceCv)
  An ogre simulacrum (IceCv)
  A river rat (D:10)
  A shadow imp (D:7)
  14 white imps
  3 ufetubi
  An ooze (D:7)
  3 adder zombies
  2 worms
  3 dart slugs
  6 leopard geckos
  35 orcs
  3 ball pythons
  7 giant cockroaches
  4 goblins
  7 hobgoblins
  6 jackals
  6 kobolds
  7 quokkas
  5 bats
  3 frilled lizards
  A jackal skeleton (D:7)
  A leopard gecko skeleton (D:9)
  2 quokka zombies
  7 rats
457 creatures vanquished.

Vanquished Creatures (others)
  23 fungi
  32 plants
  4 toadstools (D:1)
  A withered plant (D:8)
60 creatures vanquished.

Grand Total: 517 creatures vanquished

Notes
Turn   | Place    | Note
-------+----------+-------------------------------------------
     0 | D:1      | smeego the Octopode Fighter began the quest for the Orb.
     0 | D:1      | Reached XP level 1. HP: 16/16 MP: 1/1
   467 | D:1      | Reached XP level 2. HP: 17/21 MP: 2/2
  1159 | D:2      | Reached XP level 3. HP: 26/26 MP: 3/3
  1199 | D:2      | Reached skill level 1 in Stealth
  1699 | D:2      | Found a faded altar of an unknown god.
  1930 | D:2      | Reached skill level 1 in Unarmed Combat
  1981 | D:2      | Found a sparkling altar of Nemelex Xobeh.
  2067 | D:2      | Found a burning altar of Makhleb.
  2071 | D:2      | Reached XP level 4. HP: 31/31 MP: 4/4
  2434 | D:3      | Reached skill level 1 in Throwing
  2864 | D:3      | Reached XP level 5. HP: 27/36 MP: 5/5
  3429 | D:4      | You fall into a shaft and drop 3 floors!
  3430 | D:7      | Noticed a phantom
  3445 | D:7      | Reached XP level 6. HP: 17/43 MP: 6/6
  3633 | D:7      | Found a glowing golden altar of the Shining One.
  3797 | D:7      | Noticed a sky beast
  3867 | D:5      | Entered Level 5 of the Dungeon
  3872 | D:5      | HP: 1/43 [orc priest/divine providence (10)]
  4795 | D:4      | Reached XP level 7. HP: 43/47 MP: 7/7
  5023 | D:4      | Gained mutation: You are robust. (+10% HP) [potion of
                  | mutation]
  5023 | D:4      | Gained mutation: Your natural rate of healing is unusually
                  | fast. [potion of mutation]
  5023 | D:4      | Gained mutation: You are partially covered in molten
                  | scales. (AC +2) [potion of mutation]
  5507 | D:5      | Reached XP level 8. HP: 56/59 MP: 8/8
  5661 | D:5      | Found a staircase to the Ecumenical Temple.
  5797 | Temple   | Entered the Ecumenical Temple
  5828 | Temple   | Became a worshipper of Dithmenos the Shadowed
  5992 | D:5      | Reached skill level 5 in Long Blades
  6145 | D:5      | Found a hazy altar of Hepliaklqana.
  6242 | D:6      | Reached skill level 1 in Evocations
  6256 | D:6      | Reached skill level 1 in Invocations
  6433 | D:6      | Reached * piety under Dithmenos
  6596 | D:6      | Reached XP level 9. HP: 64/66 MP: 10/10
  6665 | D:6      | Reached skill level 5 in Stealth
  7325 | D:7      | Reached skill level 5 in Fighting
  7515 | D:7      | Reached skill level 5 in Dodging
  7576 | D:7      | Reached skill level 5 in Shields
  7687 | D:7      | Reached ** piety under Dithmenos
  7746 | D:7      | Found a blossoming altar of Fedhas.
  7784 | D:7      | Noticed an oklob plant
  8366 | D:8      | Reached XP level 10. HP: 67/72 MP: 12/12
  8817 | D:9      | Noticed Psyche
  8844 | D:9      | Killed Psyche
  8906 | D:9      | Found a broken altar of Ashenzari.
  9091 | D:9      | Found Sismiar's Assorted Antiques.
  9109 | D:9      | Noticed Harold
  9429 | D:9      | Killed Harold
  9429 | D:9      | Reached *** piety under Dithmenos
  9429 | D:9      | Reached skill level 5 in Unarmed Combat
  9601 | D:9      | Reached skill level 5 in Throwing
  9689 | D:10     | Entered Level 10 of the Dungeon
  9929 | D:10     | Found a staircase to the Lair.
  9930 | D:10     | Noticed a death yak
  9932 | D:10     | Noticed a death yak
  9934 | D:10     | Noticed a death yak
 10026 | D:10     | Noticed a deep elf mage
 10033 | D:10     | Killed a deep elf mage
 10033 | D:10     | Reached XP level 11. HP: 79/79 MP: 14/14
 10060 | D:10     | Noticed a two-headed ogre
 10069 | D:10     | Killed a two-headed ogre
 10170 | D:10     | Noticed a two-headed ogre
 10171 | D:10     | Noticed a two-headed ogre
 10172 | D:10     | Noticed a centaur warrior
 10188 | D:10     | Killed a centaur warrior
 10188 | D:10     | Reached skill level 5 in Evocations
 10215 | Lair:1   | Entered Level 1 of the Lair of Beasts
 10424 | Lair:1   | Found a runed translucent door.
 10719 | Lair:1   | Noticed marklar909's ghost (journeyman TeAE)
 10920 | Lair:2   | Noticed Sonja
 10927 | Lair:2   | Killed Sonja
 11467 | Lair:2   | Reached **** piety under Dithmenos
 11840 | Lair:2   | Reached XP level 12. HP: 59/89 MP: 15/15
 12399 | Lair:3   | Noticed Gastronok
 12416 | Lair:3   | Killed Gastronok
 12937 | Lair:3   | Reached skill level 10 in Long Blades
 12993 | Lair:3   | Found the +9 scales of the Dragon King {rPois rF+ rC+ MR+}
 13139 | Lair:3   | Found a hole to the Spider Nest.
 13169 | Lair:3   | Reached ***** piety under Dithmenos
 13745 | Lair:4   | Reached XP level 13. HP: 96/96 MP: 16/16
 13937 | Lair:4   | Reached skill level 10 in Stealth
 13939 | Lair:4   | Found a white marble altar of Elyvilon.
 14123 | Lair:4   | Found a staircase to the Shoals.
 14568 | Lair:5   | Paralysed by a hornet for 1 turns
 14612 | Lair:5   | Found a frozen archway.
 14639 | IceCv    | Entered an ice cave
 14964 | IceCv    | Found an ancient bone altar of Kikubaaqudgha.
 15727 | IceCv    | Reached ****** piety under Dithmenos
 16676 | Lair:5   | Learned a level 1 spell: Apportation
 17340 | Lair:6   | Entered Level 6 of the Lair of Beasts
 17386 | Lair:6   | Reached XP level 14. HP: 89/104 MP: 17/17
 18070 | Lair:6   | Noticed Greyr's ghost (journeyman KoBr)
 18097 | Lair:6   | Found a runed translucent gate.
 18097 | Lair:6   | Found a runed translucent gate.
 18097 | Lair:6   | Found a runed translucent gate.
 18245 | Lair:6   | Found a viscous altar of Jiyva.
 18245 | Lair:6   | Found a staircase to the Slime Pits.
 18515 | Lair:6   | Found a runed translucent door.
 18672 | Lair:6   | Killed from afar by a lindwurm

Illustrated notes

Levels and vault maps discovered:
D:1:      ldierk_walled_garden_2, layout_basic
D:2:      layout_loops_ring, makhleb_heckhound_becter,
          nemelex_xobeh_ov_fountains_minmay, chequers_ecumenical_altar_simple,
          minmay_misc_feat_pillars, minmay_misc_feat_tiny
D:3:      layout_basic
D:4:      layout_loops_corners
D:5:      layout_basic, overflow_temple_1_default,
          minmay_temple_entry_overgrown, grunt_ministairs_15, minmay_pentangle
D:6:      layout_layer_cave
D:7:      layout_rooms, nicolae_overflow_crystal_walls, tgw_fedhas
D:8:      layout_loops_corners, serial_undead, serial_undead_a, serial_undead_e,
          serial_undead_a, serial_undead_d, serial_undead_f
D:9:      layout_roguey, ashenzari_altar_1, serial_shops, shop_statue,
          uniq_psyche, uniq_harold
D:10:     kennysheep_windowed_halls, layout_basic, dpeg_lair_monsters,
          orc_0_dummy, nzn_random_ring
Temple:   minmay_crystal_spiral_temple
Lair:1:   layout_misc_corridors, gammafunk_ghost_grave, grunt_megastairs_4,
          infiniplex_staircase_pool
Lair:2:   layout_gridlike, bobbens_dragon_lair_wall, uniq_sonja
Lair:3:   layout_gridlike, dummy_spider_entry, uniq_gastronok
Lair:4:   layout_regular_city, minmay_shoals_entry_beasts, lemuel_oklob_altar
Lair:5:   cheibrodos_lair_overgrown_chateau, layout_cave_pods,
          portal_ice_cave_entry_ice_beasts
Lair:6:   wormcave, layout_regular_city, dpeg_slime_entry_enclosed_altar,
          maelrawn_ghost_gauntlet_escape, serial_bayou_shore_b

Skill      XL: |  1  2  3  4  5  6  7  8  9 10 11 12 13 14 |
---------------+-------------------------------------------+-----
Stealth        | 1 2 3 4 6 7 8 9 10 11 | 11.3
Unarmed Combat | 1 2 3 4 5 6 7 8 |  8.3
Long Blades    | 3 4 5 6 8 9 10 11 | 11.7
Throwing       | 1 2 3 4 5 6 7 8 |  8.1
Fighting       | 4 5 6 7 8 |  8.8
Dodging        | 4 5 6 7 8 |  8.9
Shields        | 4 5 6 7 8 |  8.9
Evocations     | 2 3 4 5 6 7 8 |  8.2
Invocations    | 1 3 4 |  4.2

Action                   |  1- 3 |  4- 6 |  7- 9 | 10-12 | 13-15 || total
-------------------------+-------+-------+-------+-------+-------++-------
Melee: Long sword        |    52 |   101 |   178 |       |       ||   331
       Constrict         |    18 |    29 |    65 |    59 |    40 ||   211
       Tentacles         |    10 |    22 |    72 |   113 |   107 ||   324
       Punch             |       |     1 |     8 |    35 |    22 ||    66
       Scimitar          |       |       |    52 |   343 |   287 ||   682
       Dagger            |       |       |       |     9 |    49 ||    58
 Fire: Hunting sling     |       |       |       |       |     7 ||     7
Throw: Dart              |       |       |     7 |    38 |    14 ||    59
       Boomerang         |       |       |       |     1 |     9 ||    10
Invok: Shadow Step       |       |       |       |     1 |       ||     1
Evoke: Wand              |       |     1 |     1 |     2 |    13 ||    17
       Tin of tremorston |       |       |       |       |     5 ||     5
  Use: Scroll            |       |     1 |    11 |    13 |     8 ||    33
       Potion            |       |     2 |     2 |     1 |     3 ||     8
 Stab: Sleeping          |    10 |     9 |     9 |    35 |    31 ||    94
       Invisible         |       |       |     2 |     1 |       ||     3
       Distracted        |       |       |     1 |     1 |     1 ||     3
       Paralysed         |       |       |       |       |     1 ||     1
Armor: Skin              |     6 |     4 |    14 |    15 |    21 ||    60
Dodge: Dodged            |    11 |    51 |    83 |   162 |   130 ||   437
Block: Kite shield       |    19 |    49 |   160 |   260 |   222 ||   710
       Reflection        |       |       |    13 |     8 |     4 ||    25
       Rpst.: Long sword |     4 |    20 |    22 |       |       ||    46
       Scimitar          |       |       |     6 |    42 |    30 ||    78

Table legend: (Time is in decaauts)
 A = Elapsed time spent in this place.
 B = Non-inter-level travel time spent in this place.
 C = Inter-level travel time spent in this place.
 D = Time resting spent in this place.
 E = Time spent auto-exploring this place.
 F = Levels seen in this place.
 G = Mean time per level.
                   A        B        C        D        E       F      G
               +--------+--------+--------+--------+--------+-----+--------+
         Total |  18713 |  17881 |    832 |   3871 |  10507 |  18 | 1039.6 |
       Dungeon |  10228 |   9625 |    603 |   2212 |   5814 |  10 | 1022.8 |
        Temple |     62 |     31 |     31 |      0 |     29 |   1 |   62.0 |
          Lair |   7037 |   6840 |    197 |   1007 |   4503 |   6 | 1172.8 |
      Ice Cave |   1384 |   1384 |      0 |    652 |    161 |   1 | 1384.0 |
               +--------+--------+--------+--------+--------+-----+--------+

Top non-repeatable levels by time:
  Lair:2: 1593 daAuts
     D:4: 1483 daAuts
   IceCv: 1384 daAuts
  Lair:5: 1367 daAuts
  Lair:6: 1325 daAuts
     D:3: 1209 daAuts
     D:8: 1207 daAuts
     D:1: 1112 daAuts
     D:2: 1100 daAuts
  Lair:4: 1092 daAuts
  Lair:3: 1068 daAuts
     D:6: 1030 daAuts
     D:7: 965 daAuts
     D:5: 938 daAuts
     D:9: 722 daAuts
